 Dungeon Crawl Stone Soup version 0.29-a0-649-g45c230d69a (webtiles) character file.

Game seed: 12063124837939424151

907 PentaManta the Archer (level 7, 0/29 HPs)
             Began as a Spriggan Hunter on June 21, 2022.
             Was a Follower of Hepliaklqana.
             Slain by an orc warrior
             ... wielding a +0 glaive
              (16 damage)
             ... on level 6 of the Dungeon.
             The game lasted 00:07:02 (4724 turns).

PentaManta the Archer (Spriggan Hunter)             Turns: 4724, Time: 00:07:02

Health: 0/29       AC:  2    Str: 13    XL:     7   Next: 81%
Magic:  6/8        EV: 18    Int: 10    God:    Hepliaklqana [*.....]
Gold:   146        SH:  0    Dex: 21    Spells: 6/6 levels left

rFire   . . .      SeeInvis +   a - +1 shortbow
rCold   . . .      Faith    .   (shield currently unavailable)
rNeg    . . .      Spirit   .   x - +0 robe "Xorollas" {Rampage}
rPois   .          Reflect  .   (helmet restricted)
rElec   .          Harm     .   (no cloak)
rCorr   +          Rampage  +   (gloves unavailable)
Will    +....                   (boots unavailable)
Stlth   ++........              (no amulet)
HPRegen 0.09/turn               g - ring of resist corrosion
MPRegen 0.11/turn               u - +6 ring of strength

@: very quick
A: reduced essence, very small, no large weapons, unfitting armour, see
invisible, speed 3
a: Renounce Religion, Recall Ancestor, Ancestor Identity


You were on level 6 of the Dungeon.
You worshipped Hepliaklqana.
Hepliaklqana was aware of your devotion.
You visited 2 branches of the dungeon, and saw 7 of its levels.

You collected 146 gold pieces.

Inventory:

Hand Weapons
 a - a +1 shortbow (weapon)
Missiles
 i - 2 throwing nets
Armour
 x - the +0 robe "Xorollas" (worn) {Rampage}
   (You found it on level 6 of the Dungeon)

   Rampage:   It bestows one free step when moving towards enemies.
Jewellery
 g - a ring of resist corrosion (left hand)
 u - a +6 ring of strength (right hand)
Wands
 r - a wand of digging (3)
Scrolls
 c - a scroll of immolation
 d - 5 scrolls of teleportation {unknown}
 e - 3 scrolls of identify {unknown}
 l - a scroll of enchant weapon {unknown}
 m - 2 scrolls of enchant armour {unknown}
 n - a scroll of fog {unknown}
 o - a scroll of blinking {unknown}
 p - a scroll of poison {unknown}
 q - a scroll of vulnerability {unknown}
 s - a scroll of noise {unknown}
 w - a scroll of magic mapping {unknown}
Potions
 f - 5 potions of curing {unknown}
 h - a potion of ambrosia {unknown}
 j - a potion of flight {unknown}
 k - a potion of invisibility {unknown}
 t - a potion of degeneration {unknown}
 v - a potion of haste {unknown}


   Skills:
 - Level 1.5 Fighting
 + Level 11.7 Bows
 - Level 2.6 Dodging
 - Level 1.5 Stealth


You had 6 spell levels left.
You didn't know any spells.
Your spell library contained the following spells:

 Spells                   Type           Power      Damage    Failure   Level
 Summon Small Mammal      Summ           0%         N/A       36%         1
 Call Canine Familiar     Summ           0%         N/A       75%         3
 Dazzling Flash           Conj/Hex       0%         N/A       75%         3
 Summon Guardian Golem    Hex/Summ       0%         N/A       75%         3
 Agony                    Necr           0%         N/A       100%        5
 Silence                  Hex/Air        0%         N/A       100%        5


Dungeon Overview and Level Annotations

Branches:
Dungeon (6/15)             Temple (1/1) D:5

Altars:
Ashenzari
Cheibriados
Dithmenos
Elyvilon
Fedhas
Gozag
Hepliaklqana
Kikubaaqudgha
Makhleb
Nemelex Xobeh
Okawaru
Qazlal
Ru
Sif Muna
Trog
Uskayaw
Wu Jian
Xom
Zin
The Shining One

Shops:
D:1 *


Innate Abilities, Weirdness & Mutations

Your life essence is reduced to manifest your ancestor. (-10% HP)
You are very small and have problems with some larger weapons.
You are too small for most types of armour.
You have supernaturally acute eyesight. (SInv)
You cover ground extremely quickly. (Speed+++)


Message History

You shoot an arrow. The arrow hits the orc warrior!
The orc warrior is heavily wounded.
Personal Tank is recalled.
The orc warrior closely misses you.
The orc barely misses Personal Tank.
Personal Tank closely misses the orc warrior.
Unknown command.
You shoot an arrow.
The arrow hits the orc warrior but does no damage.
The orc warrior is heavily wounded.
The orc warrior hits you from afar with a +0 glaive!
An orc wizard comes into view. It is wielding a +0 dagger.
The orc closely misses Personal Tank.
The orc priest barely misses Personal Tank.
The orc wizard casts a spell.
The orc wizard flickers and vanishes for a moment.
Personal Tank closely misses the orc warrior.
Shoot: a) +1 shortbow
Press: ? - help, Q - select action, (/) - cycle Shift-Dir - straight line, f/p - orc warrior
Aim: an orc warrior, wielding a +0 glaive and wearing a +0 plate armour (heavily wounded, ally target, 68% to hit)
You shoot an arrow.
The arrow barely misses the orc warrior.
The orc warrior completely misses you.
The orc priest hits Personal Tank with a +0 mace.
Personal Tank hits the orc priest.
Shoot: a) +1 shortbow
Press: ? - help, Q - select action, (/) - cycle Shift-Dir - straight line, f/p - orc warrior
Aim: an orc warrior, wielding a +0 glaive and wearing a +0 plate armour (heavily wounded, 68% to hit)
You shoot an arrow. The arrow hits the ufetubus!
You kill the ufetubus!
Something barely misses Personal Tank.
The orc warrior barely misses you.
The orc priest barely misses Personal Tank.
Personal Tank hits the orc priest but does no damage.
Shoot: a) +1 shortbow
Press: ? - help, Q - select action, (/) - cycle Shift-Dir - straight line, f/p - orc warrior
Aim: an orc warrior, wielding a +0 glaive and wearing a +0 plate armour (heavily wounded, 68% to hit)
You shoot an arrow.
The arrow barely misses the orc warrior.
The orc warrior hits you from afar with a +0 glaive!
Ouch! That really hurt!
You die...

... .# .. .# #o# .#
oo .# #R#.## .o..#
#.#.##### #@#......
########....#########
#...........#>......#
#.#######..##.#####.#
#.#.................#
#.#.######.##<#######
#.# #.#### #.# #[.#
#.# ##.#


You could see the friendly Personal Tank the ancestor, an orc warrior, an orc
priest (distracted, ally target), an orc wizard (invisible) and an orc.

Vanquished Creatures
  Edmund (D:4)
  An ogre (D:4)
  2 phantoms (D:5)
  A gnoll sergeant (D:5)
  3 hounds
  An orc priest (D:5)
  3 jellies
  2 iguanas (D:5)
  An orc wizard (D:5)
  Robin (D:4)
  4 gnolls (D:5)
  2 adders
  A white imp (D:5)
  2 ufetubi
  2 worms
  2 dart slugs
  14 orcs
  5 ball pythons
  5 endoplasms
  6 giant cockroaches
  17 goblins
  10 hobgoblins
  3 jackals (D:3)
  5 quokkas
  5 bats
  A frilled lizard (D:2)
  4 kobolds
  3 rats
107 creatures vanquished.

Vanquished Creatures (collateral kills)
  An adder (D:5)
1 creature vanquished.

Vanquished Creatures (others)
  4 toadstools (D:1)
4 creatures vanquished.

Grand Total: 112 creatures vanquished

Notes
Turn   | Place    | Note
-------+----------+-------------------------------------------
     0 | D:1      | PentaManta the Spriggan Hunter began the quest for the Orb.
     0 | D:1      | Reached XP level 1. HP: 10/10 MP: 2/2
    56 | D:1      | Reached skill level 5 in Bows
   184 | D:1      | Reached XP level 2. HP: 14/14 MP: 3/3
   561 | D:1      | Found Orpho Kih's General Store.
   835 | D:2      | Reached skill level 6 in Bows
   912 | D:2      | Reached XP level 3. HP: 17/18 MP: 4/4
  1422 | D:2      | Found a faded altar of an unknown god.
  1589 | D:3      | Reached XP level 4. HP: 22/22 MP: 5/5
  1659 | D:3      | Found an ancient bone altar of Kikubaaqudgha.
  1763 | D:3      | Reached skill level 7 in Bows
  1953 | D:4      | Found a hazy altar of Hepliaklqana.
  1962 | D:4      | Became a worshipper of Hepliaklqana the Forgotten
  2200 | D:4      | Noticed Robin
  2372 | D:4      | Killed Robin
  2373 | D:4      | Reached XP level 5. HP: 20/25 MP: 6/6
  2494 | D:4      | Noticed Edmund
  2507 | D:4      | Noticed an ogre
  2513 | D:4      | Killed Edmund
  2514 | D:4      | Reached skill level 8 in Bows
  2514 | D:4      | Reached XP level 6. HP: 13/30 MP: 7/7
  2564 | D:4      | Reached skill level 9 in Bows
  3036 | D:5      | Entered Level 5 of the Dungeon
  3121 | D:5      | Found a staircase to the Ecumenical Temple.
  3136 | D:5      | Reached skill level 10 in Bows
  3313 | Temple   | Entered the Ecumenical Temple
  3624 | D:5      | Reached XP level 7. HP: 33/33 MP: 8/8
  3875 | D:5      | Reached * piety under Hepliaklqana
  4069 | D:5      | Reached skill level 11 in Bows
  4670 | D:6      | Identified the +0 robe "Xorollas" {Rampage}
  4724 | D:6      | Slain by an orc warrior

Illustrated notes

Levels and vault maps discovered:
D:1:      ldierk_water_garden, layout_basic, serial_shops, shop
D:2:      layout_loops_ring, chequers_ecumenical_altar_grove
D:3:      layout_basic, mainiacjoe_overflow_concentric_impassable
D:4:      layout_loops_ring, nicolae_hepliaklqana_hazy_memory,
          kennysheep_generic_room_7, uniq_edmund, uniq_robin
D:5:      cheibrodos_helix_gallery, layout_loops_ring,
          minmay_temple_entry_mini_moons
D:6:      layout_basic, minmay_misc_feat_x
Temple:   dpeg_five_rooms_temple

Skill      XL: |  1  2  3  4  5  6  7 |
---------------+----------------------+-----
Bows           | 5 6 7 8 10 11 | 11.7
Fighting       | |  1.5
Dodging        | |  2.6
Stealth        | |  1.5

Action                   |  1- 3 |  4- 6 |  7- 9 || total
-------------------------+-------+-------+-------++-------
 Fire: Shortbow          |   101 |   134 |    60 ||   295
Invok: Recall Ancestor   |       |       |     4 ||     4
       Ancestor Identity |       |       |     1 ||     1
Armor: Robe              |     1 |     1 |       ||     2
Dodge: Dodged            |    12 |    30 |     8 ||    50

Table legend: (Time is in decaauts)
 A = Elapsed time spent in this place.
 B = Non-inter-level travel time spent in this place.
 C = Inter-level travel time spent in this place.
 D = Time resting spent in this place.
 E = Time spent auto-exploring this place.
 F = Levels seen in this place.
 G = Mean time per level.
                   A        B        C        D        E       F      G
               +--------+--------+--------+--------+--------+-----+--------+
         Total |   3423 |   3282 |    141 |    290 |   2413 |   7 |  489.0 |
       Dungeon |   3246 |   3123 |    123 |    290 |   2264 |   6 |  541.0 |
        Temple |    176 |    158 |     18 |      0 |    149 |   1 |  176.0 |
               +--------+--------+--------+--------+--------+-----+--------+

Top non-repeatable levels by time:
     D:5: 1036 daAuts
     D:4: 819 daAuts
     D:2: 506 daAuts
     D:1: 503 daAuts
     D:3: 310 daAuts
  Temple: 176 daAuts
     D:6: 70 daAuts
